 Dungeon Crawl Stone Soup version 0.26-a0-661-g406de6ba63 (webtiles) character file.

Game seed: 9538737629633767812

18 tacoguy the Shield-Bearer (level 2, 0/27 HPs)
             Began as a Minotaur Fighter on Oct 9, 2020.
             Slain by Sigmund
             ... wielding a +2 vorpal scythe
              (3 damage)
             ... on level 2 of the Dungeon.
             The game lasted 00:01:26 (405 turns).

tacoguy the Shield-Bearer (Minotaur Fighter)         Turns: 405, Time: 00:01:26

Health: 0/27       AC:  7    Str: 20    XL:     2   Next: 51%
Magic:  1/1        EV:  7    Int:  5    God:
Gold:   35         SH:  9    Dex:  9    Spells: 1/1 levels left

rFire    . . .     SeeInvis .   a - +0 rapier
rCold    . . .     Faith    .   c - +0 kite shield
rNeg     . . .     Spirit   .   b - +0 scale mail
rPois    .         Reflect  .   (helmet restricted)
rElec    .         Harm     .   (no cloak)
rCorr    .         Rampage  .   (no gloves)
MR       .....                  (no boots)
Stlth    ..........             (no amulet)
HPRegen  0.09/turn              (no ring)
MPRegen  0.07/turn              (no ring)

@: no status effects
A: retaliatory headbutt, horns 2
a: no special abilities


You were on level 2 of the Dungeon.
You visited 1 branch of the dungeon, and saw 2 of its levels.

You collected 35 gold pieces.

Inventory:

Hand Weapons
 a - a +0 rapier (weapon)
Armour
 b - a +0 scale mail (worn)
 c - a +0 kite shield (worn)
Scrolls
 f - 2 scrolls of fear
Potions
 d - 2 potions of might
 e - 2 potions of curing
 g - a potion of lignification {unknown}
 h - a potion of magic {unknown}
 i - a potion of stabbing {unknown}
 j - a potion of flight {unknown}


   Skills:
 + Level 3.9 Fighting
 + Level 2.5 Short Blades
 + Level 3.9 Armour
 + Level 0.9 Dodging
 + Level 3.9 Shields


You had one spell level left.
You didn't know any spells.
Your spell library was empty.

Dungeon Overview and Level Annotations

Branches:
Dungeon (2/15)

Altars:

Annotations:
D:2 Sigmund


Innate Abilities, Weirdness & Mutations

You reflexively headbutt those who attack you in melee.
You have a pair of horns on your head.


Message History

The giant cockroach waves its antennae.
The giant cockroach barely misses you. Something hits you.
You block the giant cockroach's attack.
You hit something but do no damage.
The giant cockroach bites you but does no damage.
You block something's attack.
You puncture something! You block the giant cockroach's attack.
You miss something. You block the giant cockroach's attack.
You block something's attack.
The giant cockroach bites you but does no damage.
You closely miss something. Your headbutt misses something.
You block the giant cockroach's attack. Something hits you.
You closely miss something. Your headbutt misses something.
You block the giant cockroach's attack.
You closely miss something. Your headbutt misses something. Something hits you!
* * * LOW HITPOINT WARNING * * *
x2 You block the giant cockroach's attack.
You closely miss something. The giant cockroach closely misses you.
Something hits you.
You die...

#......##...#.†..........
###########.#.###....#...
#............# ..
#####.###....# .
#######.###....#
................. .
.######†##.......#
....######.##.#.#...#
......{@........#...#
......#B#####...# .....
#.# ..# .... #.# ## ...
#.# .. #.# # ... ...


You could see a giant cockroach.

Vanquished Creatures
  A dart slug (D:1)
  2 bats (D:1)
  A goblin (D:1)
  3 hobgoblins (D:1)
  4 jackals (D:2)
  2 kobolds (D:1)
  2 rats
15 creatures vanquished.

Notes
Turn   | Place    | Note
-------+----------+-------------------------------------------
     0 | D:1      | tacoguy the Minotaur Fighter began the quest for the Orb.
     0 | D:1      | Reached XP level 1. HP: 19/19 MP: 0/0
   140 | D:1      | Reached XP level 2. HP: 22/27 MP: 1/1
   387 | D:2      | Noticed Sigmund
   405 | D:2      | Slain by Sigmund

Illustrated notes

Levels and vault maps discovered:
D:1:      giann_bridges, layout_rooms
D:2:      layout_basic, overflow_temple_1_default, uniq_sigmund

Action                   || total
-------------------------++-------
Melee: Rapier            ||    38
       Headbutt          ||     4
  Use: Scroll            ||     4
Armor: Scale mail        ||    21
Dodge: Dodged            ||     9
Block: Kite shield       ||    29

Table legend: (Time is in decaauts)
 A = Elapsed time spent in this place.
 B = Non-inter-level travel time spent in this place.
 C = Inter-level travel time spent in this place.
 D = Time resting spent in this place.
 E = Time spent auto-exploring this place.
 F = Levels seen in this place.
 G = Mean time per level.
                   A        B        C        D        E       F      G
               +--------+--------+--------+--------+--------+-----+--------+
         Total |    412 |    401 |     11 |      0 |    258 |   2 |  206.0 |
       Dungeon |    412 |    401 |     11 |      0 |    258 |   2 |  206.0 |
               +--------+--------+--------+--------+--------+-----+--------+

Top non-repeatable levels by time:
     D:1: 340 daAuts
     D:2: 71 daAuts
